 Dungeon Crawl Stone Soup version 0.29-a0-885-gb26ba3297d (webtiles) character file.

Game seed: 6299466981029232729

14 xian the Conjurer (level 2, -3/19 HPs)
             Began as a Demonspawn Conjurer on July 20, 2022.
             Slain by a gnoll
             ... wielding a +0 club
              (5 damage)
             ... on level 1 of the Dungeon.
             The game lasted 00:02:25 (1507 turns).

xian the Conjurer (Demonspawn Conjurer)             Turns: 1507, Time: 00:02:25

Health: -3/19      AC:  3    Str:  7    XL:     2   Next: 31%
Magic:  5/5        EV:  6    Int: 19    God:
Gold:   62         SH: 13    Dex: 11    Spells: 2/5 levels left

rFire   . . .      SeeInvis .   g - +0 whip
rCold   . . .      Faith    .   n - +0 tower shield
rNeg    . . .      Spirit   .   i - +0 leather armour
rPois   .          Reflect  .   (no helmet)
rElec   .          Harm     .   (no cloak)
rCorr   .          Rampage  .   (no gloves)
Will    .....                   (no boots)
Stlth   ++........              (no amulet)
HPRegen 0.06/turn               (no ring)
MPRegen 0.09/turn               (no ring)

@: no status effects
A: large bone plates 1
a: no special abilities


You were on level 1 of the Dungeon.
You visited 1 branch of the dungeon, and saw 2 of its levels.

You collected 62 gold pieces.

Inventory:

Hand Weapons
 g - a +0 whip (weapon)
 o - a +1 sling of freezing
Missiles
 q - 2 silver javelins
Armour
 a - a +0 robe
 i - a +0 leather armour (worn)
 n - a +0 tower shield (worn)
Jewellery
 f - an amulet of faith
 r - a ring of protection from fire
Scrolls
 d - a scroll of identify {unknown}
 k - a scroll of fear {unknown}
 p - a scroll of vulnerability {unknown}
Potions
 b - a potion of magic
 c - a potion of attraction {unknown}
 e - a potion of berserk rage {unknown}
 h - a potion of flight {unknown}
 j - 2 potions of degeneration {unknown}
 l - a potion of might {unknown}
 m - a potion of mutation {unknown}
 s - a potion of resistance {unknown}


   Skills:
 + Level 0.4 Ranged Weapons
 + Level 1.7 Dodging
 + Level 1.8 Stealth
 + Level 2.1 Spellcasting
 + Level 4.4 Conjurations


You had 2 spell levels left.
You knew the following spells:

 Your Spells              Type           Power      Damage    Failure   Level
a - Magic Dart            Conj           72%        1d6       58%         1
b - Searing Ray           Conj           36%        2d5       75%         2

Your spell library contained the following spells:

 Spells                   Type           Power      Damage    Failure   Level
 Dazzling Flash           Conj/Hex       20%        N/A       99%         3
 Ozocubu's Armour         Ice            2%         N/A       100%        3
 Fulminant Prism          Conj/Hex       5%         3d7       100%        4
 Iskenderun's Mystic Bla  Conj/Tloc      10%        2d4       100%        4
 Metabolic Englaciation   Hex/Ice        1%         N/A       100%        5
 Simulacrum               Ice/Necr       1%         N/A       100%        6


Dungeon Overview and Level Annotations

Branches:
Dungeon (2/15)

Altars:


Innate Abilities, Weirdness & Mutations

You are partially covered in large bone plates. (SH +4)


Message History

The gnoll is heavily wounded.
A gnoll comes into view. It is wielding a +0 club.
You shoot a sling bullet.
The sling bullet closely misses the gnoll.
The gnoll hits you with a +0 whip.
You shoot a sling bullet.
The sling bullet hits the gnoll but does no damage.
The gnoll is heavily wounded.
The gnoll hits you with a +0 whip. The gnoll barely misses you.
You block the gnoll's attack.
You shoot a sling bullet.
The sling bullet completely misses the gnoll.
You block the gnoll's attack. The gnoll hits you with a +0 whip.
You block the gnoll's attack. The gnoll hits you with a +0 whip.
You are too injured to fight recklessly!
The gnoll attacks as you move away! The gnoll hits you with a +0 whip.
* * * LOW HITPOINT WARNING * * *
The gnoll attacks as you move away! The gnoll hits you with a +0 club.
* * * LOW HITPOINT WARNING * * *
Okay, then.
You aren't carrying any items that you can evoke.
An endoplasm comes into view.
You see here a hobgoblin corpse.
The gnoll attacks as you move away! You block the gnoll's attack.
There is a stone staircase leading up here.
You block the gnoll's attack.
You climb upwards.
There is a stone staircase leading down here.
Casting: Magic Dart (safe; 58% risk of failure)
Confirm with . or Enter, or press ? or * to list all spells.
The spell is astonishingly dangerous to miscast (75% risk of failure)!
Continue anyway?
Okay, then.
Really attack while wielding your +1 sling of freezing?
Okay, then.
Your +1 sling of freezing stops glowing.
g - a +0 whip (weapon)
You hit the gnoll.
The gnoll is moderately wounded.
The gnoll hits you with a +0 club.
You die...

# #.# ### #.......##.##. #
#.# ####.##.##.... # #.#
#.#......#. # #.#
#.......... # #.#
###........ #.####
##.....### #....########
#......#
#..#........######.##.#####
#.........@g.......##......
#.#.#######.######.........
#.....# #.#####...#.#####
###.#.# #...........#
#.#.## #######...#.#
#....####### ##.##.# ##
##.#.(......# #.##.####.
#..#..#####.# #.##...>..
#.##..#####.#####.####.###


You could see a gnoll.

Vanquished Creatures
  2 ball pythons
  2 bats (D:1)
  2 endoplasms (D:1)
  A hobgoblin (D:2)
  3 kobolds (D:1)
  A quokka (D:1)
  A frilled lizard (D:1)
12 creatures vanquished.

Notes
Turn   | Place    | Note
-------+----------+-------------------------------------------
     0 | D:1      | xian the Demonspawn Conjurer began the quest for the Orb.
     0 | D:1      | Reached XP level 1. HP: 13/13 MP: 3/3
   652 | D:1      | Gained mutation: You are partially covered in large bone
                  | plates. (SH +4) [demonic ancestry]
   652 | D:1      | Reached XP level 2. HP: 19/19 MP: 0/5
   655 | D:1      | Learned a level 2 spell: Searing Ray
  1507 | D:1      | Slain by a gnoll

Illustrated notes

Levels and vault maps discovered:
D:1:      minmay_arrival_four_houses, layout_loops_ring,
          hangedman_decor_clover_reticule, solitary_fountain
D:2:      layout_rooms, minmay_pentomino_p2

Action                   || total
-------------------------++-------
Melee: Whip              ||    17
       Unarmed           ||     5
 Fire: Sling             ||    13
 Cast: Magic Dart        ||    13
Dodge: Dodged            ||    15
Block: Tower shield      ||     7

Table legend: (Time is in decaauts)
 A = Elapsed time spent in this place.
 B = Non-inter-level travel time spent in this place.
 C = Inter-level travel time spent in this place.
 D = Time resting spent in this place.
 E = Time spent auto-exploring this place.
 F = Levels seen in this place.
 G = Mean time per level.
                   A        B        C        D        E       F      G
               +--------+--------+--------+--------+--------+-----+--------+
         Total |   1518 |   1493 |     25 |      0 |   1288 |   2 |  759.0 |
       Dungeon |   1518 |   1493 |     25 |      0 |   1288 |   2 |  759.0 |
               +--------+--------+--------+--------+--------+-----+--------+

Top non-repeatable levels by time:
     D:1: 1461 daAuts
     D:2: 57 daAuts
